 Dungeon Crawl Stone Soup version 0.29-a0-472-ge5599a681e (webtiles) character file.

Game seed: 8774973483176637452

203 dabmancer the Magician (level 6, 0/41 HPs)
             Began as a Human Hedge Wizard on May 22, 2022.
             Killed by nerve-wracking pain
             ... invoked by Grinder
              (14 damage)
             ... on level 4 of the Dungeon.
             The game lasted 00:26:07 (5361 turns).

dabmancer the Magician (Human Hedge Wizard)         Turns: 5361, Time: 00:26:08

Health: 0/41       AC:  8    Str: 10    XL:     6   Next: 8%
Magic:  5/12       EV: 12    Int: 16    God:
Gold:   88         SH:  0    Dex: 13    Spells: 6/14 levels left

rFire   . . .      SeeInvis .   m - +1 spear (venom)
rCold   . . .      Faith    .   (no shield)
rNeg    . . .      Spirit   .   g - +3 leather armour
rPois   .          Reflect  .   c - +0 hat
rElec   .          Harm     .   (no cloak)
rCorr   .          Rampage  .   p - +0 pair of gloves
Will    .....                   F - +0 pair of boots
Stlth   ++........              (no amulet)
HPRegen 0.13/turn               (no ring)
MPRegen 0.13/turn               (no ring)

@: no status effects
A: no striking features
a: no special abilities


You were on level 4 of the Dungeon.
You visited 1 branch of the dungeon, and saw 4 of its levels.

You collected 112 gold pieces.
You spent 24 gold pieces at shops.

Inventory:

Hand Weapons
 a - a +0 dagger
 i - a +0 club
 m - a +1 spear of venom (weapon)
 u - a +0 great sword
Missiles
 j - 118 stones
 y - 4 large rocks
Armour
 b - a +0 robe
 c - a +0 hat (worn)
 g - a +3 leather armour (worn)
 o - a +0 robe
 p - a +0 pair of gloves (worn)
 t - a +0 ring mail
 F - a +0 pair of boots (worn)
Wands
 w - a wand of charming (9)
Scrolls
 e - a scroll of magic mapping {unknown}
 f - 4 scrolls of teleportation
 h - a scroll of identify
 k - a scroll of enchant weapon {unknown}
 l - a scroll of amnesia {unknown}
 q - a scroll of enchant armour {unknown}
 r - a scroll of noise {unknown}
 x - a scroll of poison {unknown}
 E - a scroll of vulnerability {unknown}
Potions
 d - a potion of magic
 n - a potion of mutation {unknown}
 s - a potion of brilliance {unknown}
 z - a potion of attraction {unknown}
 A - 2 potions of haste
 B - a potion of ambrosia {unknown}
 C - 3 potions of berserk rage
 D - a potion of curing


   Skills:
 + Level 0.2 Armour
 + Level 2.3 Dodging
 + Level 2.6 Stealth
 + Level 4.5 Spellcasting
 + Level 2.8 Conjurations
 + Level 1.8 Summonings
 + Level 1.1 Translocations


You had 6 spell levels left.
You knew the following spells:

 Your Spells              Type           Power      Damage    Failure   Level
a - Magic Dart            Conj           48%        1d5       7%          1
b - Blink                 Tloc           14%        N/A       21%         2
c - Call Imp              Summ           9%         N/A       16%         2
d - Summon Small Mammal   Summ           36%        N/A       11%         1
e - Necrotize             Necr           12%        1d4       22%         1
f - Apportation           Tloc           14%        N/A       14%         1

Your spell library contained the following spells:

 Spells                   Type           Power      Damage    Failure   Level
 Slow                     Hex            12%        N/A       22%         1
 Conjure Flame            Conj/Fire      8%         6-21      36%         3
 Mephitic Cloud           Conj/Pois/Air  6%         N/A       41%         3
 Summon Lightning Spire   Summ/Air       6%         N/A       83%         4
 Airstrike                Air            1%         N/A       91%         4
 Lightning Bolt           Conj/Air       4%         1d15      98%         5


Dungeon Overview and Level Annotations

Branches:
Dungeon (4/15)
 Temple: D:4-7

Altars:
Qazlal

Shops:
D:4 ??

Annotations:
D:4 Grinder


Message History

You feel stable enough to blink again.
Your bat hits Grinder but does no damage.
Your bat completely misses Grinder.
Your bat barely misses Grinder.
Your rat bites Grinder but does no damage.
Your bat hits Grinder but does no damage.
Grinder hits you.
Your crimson imp hits Grinder.
Your rat closely misses Grinder.
Your bat completely misses Grinder.
Your rat barely misses Grinder.
Grinder hits you!
* * * LOW HITPOINT WARNING * * *
You writhe in agony.
* * * LOW HITPOINT WARNING * * *
Your crimson imp hits Grinder but does no damage.
You can move again.
You feel better.
Your bat hits Grinder but does no damage.
Your rat closely misses Grinder.
Your crimson imp hits Grinder but does no damage.
Grinder hits you but does no damage. Grinder attacks as you move away!
Grinder barely misses you.
Your bat completely misses Grinder.
Grinder gestures at you.
You shrug off the repeated paralysis!
Your rat completely misses Grinder.
Your crimson imp hits Grinder but does no damage.
Your bat closely misses Grinder.
Your bat closely misses Grinder.
Your rat bites Grinder.
Your crimson imp hits Grinder.
Your bat barely misses Grinder.
Grinder hits your bat but does no damage.
Your bat hits Grinder.
Your crimson imp closely misses Grinder.
Your rat bites Grinder but does no damage.
Grinder hits your bat.
Your bat dies!
Your bat's corpse disappears in a puff of smoke!
There is a stone staircase leading up here.
Your rat barely misses Grinder.
Grinder gestures at you. Pain shoots through your body!
You die...

### ###....#### ##..#..# ..###
#.........########......#
#...#####................ยง.....##
###............................#
###..................###.###.##
##..................#.## #..#
##..................# #..#
##...5...........### #..#
#...r5...@......# ##.#
#...............# #.#
#..............## #.# #
#..............# #.# #
#..............# ..# #
#.............## ##............#
##..<.......## #######


You could see Grinder (ally target), a friendly crimson imp (summoned) and a
friendly rat (summoned).

Vanquished Creatures
  Natasha (twice) (D:4)
  An orc wizard (D:3)
  4 adders
  3 worms (D:3)
  3 dart slugs
  7 orcs
  6 ball pythons
  4 bats
  6 endoplasms
  4 giant cockroaches
  5 hobgoblins
  2 jackals (D:4)
  6 kobolds
  3 quokkas
  A frilled lizard (D:2)
  5 goblins
  7 rats
69 creatures vanquished.

Vanquished Creatures (collateral kills)
  A rat (D:3)
1 creature vanquished.

Vanquished Creatures (others)
  9 demonic plants (D:2)
  5 fungi (D:2)
  7 plants (D:2)
  A withered plant (D:2)
22 creatures vanquished.

Grand Total: 92 creatures vanquished

Notes
Turn   | Place    | Note
-------+----------+-------------------------------------------
     0 | D:1      | dabmancer the Human Hedge Wizard began the quest for the
                  | Orb.
     0 | D:1      | Reached XP level 1. HP: 13/13 MP: 4/4
   370 | D:1      | Reached XP level 2. HP: 15/19 MP: 1/6
  1154 | D:1      | Reached XP level 3. HP: 24/24 MP: 5/7
  1769 | D:2      | Found a faded altar of an unknown god.
  1904 | D:2      | Found a stormy altar of Qazlal.
  2701 | D:3      | Reached XP level 4. HP: 27/30 MP: 0/9
  3007 | D:3      | Learned a level 2 spell: Blink
  3010 | D:3      | Learned a level 2 spell: Call Imp
  3012 | D:3      | Learned a level 1 spell: Summon Small Mammal
  3014 | D:3      | Learned a level 1 spell: Necrotize
  3016 | D:3      | Learned a level 1 spell: Apportation
  3317 | D:3      | Reached skill level 4 in Spellcasting
  3540 | D:3      | Reached XP level 5. HP: 34/35 MP: 3/11
  4694 | D:4      | Noticed Grinder
  4753 | D:4      | Paralysed by Grinder for 2 turns
  5035 | D:4      | Noticed Natasha
  5035 | D:4      | Found Qiwinn's Magic Scroll Boutique.
  5046 | D:4      | Killed Natasha
  5047 | D:4      | Noticed Natasha
  5057 | D:4      | Killed Natasha
  5058 | D:4      | Reached XP level 6. HP: 25/41 MP: 0/12
  5168 | D:4      | Bought a scroll of identify for 24 gold pieces
  5248 | D:4      | Found Saidynou's Magic Scroll Shoppe.
  5350 | D:4      | Paralysed by Grinder for 5 turns
  5361 | D:4      | Killed from afar by Grinder

Illustrated notes

Levels and vault maps discovered:
D:1:      dpeg_arrival_erosion, layout_basic, hangedman_decor_points
D:2:      layout_basic, shapermc_ecumenical_altar_gd, basic_altar
D:3:      layout_rooms, cheibrodos_sewer_entry_drain, grunt_ministairs_10
D:4:      layout_cave_pods, serial_shops, nicolae_diamond_shop, shop,
          kennysheep_mini_moat, nicolae_stop_n_shop_2, shop,
          minmay_close_crescents, uniq_menkaure, uniq_natasha, uniq_grinder

Skill      XL: |  1  2  3  4 |
---------------+-------------+-----
Conjurations   | 2 |  2.8
Spellcasting   | 4 |  4.5
Armour         | |  0.2
Dodging        | |  2.3
Stealth        | |  2.6
Summonings     | |  1.8
Translocations | |  1.1

Action                   |  1- 3 |  4- 6 || total
-------------------------+-------+-------++-------
Melee: Dagger            |    31 |       ||    31
       Club              |     4 |       ||     4
       Spear             |    15 |    47 ||    62
Throw: Stone             |       |     2 ||     2
       Throwing net      |       |     1 ||     1
 Cast: Magic Dart        |    85 |   104 ||   189
       Summon Small Mamm |       |     9 ||     9
       Apportation       |       |     1 ||     1
       Necrotize         |       |     6 ||     6
       Call Imp          |       |     4 ||     4
       Blink             |       |     1 ||     1
Evoke: Wand              |       |     1 ||     1
  Use: Scroll            |       |     3 ||     3
       Potion            |       |     1 ||     1
 Stab: Distracted        |       |     1 ||     1
Armor: Leather armour    |    18 |    23 ||    41
       Robe              |     7 |       ||     7
Dodge: Dodged            |    30 |    48 ||    78

Table legend: (Time is in decaauts)
 A = Elapsed time spent in this place.
 B = Non-inter-level travel time spent in this place.
 C = Inter-level travel time spent in this place.
 D = Time resting spent in this place.
 E = Time spent auto-exploring this place.
 F = Levels seen in this place.
 G = Mean time per level.
                   A        B        C        D        E       F      G
               +--------+--------+--------+--------+--------+-----+--------+
         Total |   5380 |   4917 |    463 |   1150 |   2861 |   4 | 1345.0 |
       Dungeon |   5380 |   4917 |    463 |   1150 |   2861 |   4 | 1345.0 |
               +--------+--------+--------+--------+--------+-----+--------+

Top non-repeatable levels by time:
     D:3: 1955 daAuts
     D:1: 1648 daAuts
     D:2: 1332 daAuts
     D:4: 444 daAuts
